 Dungeon Crawl Stone Soup version 0.26-a0-613-g4f23886233 (webtiles) character file.

Game seed: 1056339192851774545

4328 MrRokkomies the Carver (level 10, -11/99 HPs)
             Began as a Tengu Gladiator on Sept 11, 2020.
             Was a Priest of Uskayaw.
             Mangled by an orc knight
             ... wielding a +0 trident
              (33 damage)
             ... in a bailey.
             The game lasted 00:14:31 (8144 turns).

MrRokkomies the Carver (Tengu Gladiator)            Turns: 8144, Time: 00:14:33

Health: -11/99     AC:  7    Str: 21    XL:     10   Next: 33%
Magic:  0/12       EV: 19    Int: 11    God:    Uskayaw [***...]
Gold:   588        SH:  0    Dex: 16    Spells: 7/9 levels left

rFire    + . .     SeeInvis .   a - +2 short sword (venom)
rCold    . . .     Faith    .   (no shield)
rNeg     . . .     Spirit   +   G - +1 ring mail {rF+}
rPois    .         Reflect  .   c - +0 hat
rElec    .         Harm     .   q - +0 cloak
rCorr    +                      (no gloves)
MR       .....                  (boots unavailable)
Stlth    ..........             k - amulet of guardian spirit
HPRegen  0.26/turn              r - +6 ring of strength
MPRegen  0.13/turn              A - ring of resist corrosion

@: berserking, flying quickly and evasively, very quick
A: beak, talons 3, able to fly
a: Stop Flying, Stomp, Line Pass, Renounce Religion


You were in a bailey.
You worshipped Uskayaw.
Uskayaw was noncommittal.
You visited 2 branches of the dungeon, and saw 9 of its levels.
You also visited: Bailey.

You collected 588 gold pieces.

Inventory:

Hand Weapons
 a - a +2 short sword of venom (weapon)
 b - a +3 hunting sling of freezing
 l - a +0 long sword
 t - a +2 dagger of electrocution
 w - a +3 great sword
Missiles
 d - 3 throwing nets (quivered)
 e - 171 stones
 f - 46 sling bullets
 p - 17 poisoned darts
Armour
 c - a +0 hat (worn)
 i - a +0 crystal plate armour
 q - a +0 cloak (worn)
 G - a +1 ring mail of fire resistance (worn)
Jewellery
 k - an amulet of guardian spirit (around neck)
 r - a +6 ring of strength (left hand)
 A - a ring of resist corrosion (right hand)
 E - an uncursed amulet of the acrobat {unknown}
Wands
 v - a wand of digging (5)
 K - a wand of paralysis (6)
Scrolls
 n - 2 scrolls of fear
 o - 9 scrolls of remove curse
 s - 4 scrolls of identify
 x - a scroll of magic mapping
 y - a scroll of immolation
 B - 2 scrolls of amnesia
 F - 2 scrolls of enchant weapon
 I - a scroll of fog
 J - 3 scrolls of teleportation
Potions
 g - 9 potions of curing
 h - 4 potions of heal wounds
 j - 4 potions of berserk rage
 m - 2 potions of lignification
 u - a potion of brilliance
 z - a potion of stabbing
 C - a potion of degeneration
 D - a potion of invisibility
 H - a potion of flight {unknown}
 L - a potion of experience {unknown}
 M - a potion of might {unknown}


   Skills:
 + Level 9.3 Fighting
 * Level 10.6 Long Blades
 - Level 2.0 Throwing
 + Level 7.8 Dodging
 * Level 2.3 Invocations


You had 7 spell levels left.
You knew the following spells:

 Your Spells              Type           Power        Failure   Level
a - Wereblood             Tmut           #.......     65%         2

Your spell library contained the following spells:

 Spells                   Type           Power        Failure   Level
 Beastly Appendage        Tmut           #.....       52%         1
 Spider Form              Tmut/Pois      #.........   87%         3
 Ice Form                 Ice/Tmut       #.......     99%         4
 Blade Hands              Tmut           #.........   100%        5


Dungeon Overview and Level Annotations

Branches:
Dungeon (8/15)             Temple (1/1) D:7          Bailey (1/1)
   Lair: D:8-11

Altars:
Ashenzari
Cheibriados
Dithmenos
Elyvilon
Fedhas
Gozag
Hepliaklqana
Kikubaaqudgha
Makhleb
Nemelex Xobeh
Okawaru
Qazlal
Ru
Sif Muna
Trog
Uskayaw
Vehumet
Wu Jian
Xom
Yredelemnul
Zin
The Shining One


Innate Abilities, Weirdness & Mutations

You have a beak for a mouth.
You have claws for feet.
You can fly continuously.


Message History

* * * LOW HITPOINT WARNING * * *
You puncture the orc warrior!
The orc warrior is poisoned.
You claw the orc warrior! Your peck misses the orc warrior.
The orc warrior is severely wounded.
The orc knight completely misses you. The orc misses you.
Uskayaw will force your foes to helplessly watch your dance.
Uskayaw prepares the audience for your solo!
The helpless orc knight fails to defend itself.
You impale the orc knight!!
The orc knight looks as sick as possible!
You claw the orc knight.
You peck the orc knight, but do no damage.
The orc knight is severely wounded.
The helpless orc knight fails to defend itself.
You impale the orc knight!!
You kill the orc knight!
Your Invocations skill increases to level 2!
The orc knight is no longer paralysed. x2
The orc knight hits you from afar with a +0 trident!!
You die...

########### ####### #
)\).......## ##))...#########.
.))........######oo)....#.....#..
).)........#...)#oo))...'...oo'o.
)))........'....@)o))...oo....'..
...........#...)#oo.....'.....'..
...........######o......#.....#..
.\........## ##.....#########.
########### ####### #


You could see 2 orc knights, 2 orc warriors and 4 orcs.

Vanquished Creatures
  A two-headed ogre (D:7)
  An orc knight (Bailey)
  Pikel (D:6)
  7 orc warriors
  3 ogres
  2 lemures (D:6)
  A big kobold (D:7)
  2 bullfrogs (D:6)
  A scorpion (D:4)
  2 howler monkeys
  10 wights (D:7)
  3 hounds
  4 jellies
  Crazy Yiuf (D:4)
  An orc priest (D:4)
  2 bullfrog skeletons
  A centaur skeleton (D:6)
  Ijyb (D:4)
  2 iguanas
  14 orc wizards
  A worker ant (D:4)
  A worker ant zombie (D:8)
  7 adders
  A shadow imp (D:6)
  3 white imps (D:7)
  2 ufetubi (D:6)
  2 oozes
  3 adder skeletons
  3 dart slugs (D:2)
  3 worms
  5 leopard geckos
  63 orcs
  A ball python (D:3)
  12 bats
  6 giant cockroaches
  8 goblins
  5 hobgoblins
  19 jackals
  4 kobolds
  6 quokkas
  10 frilled lizards
  A giant cockroach zombie (D:5)
  8 rats
234 creatures vanquished.

Vanquished Creatures (others)
  An adder zombie (D:8)
  An orc (D:8)
2 creatures vanquished.

Grand Total: 236 creatures vanquished

Notes
Turn   | Place    | Note
-------+----------+-------------------------------------------
     0 | D:1      | MrRokkomies the Tengu Gladiator began the quest for the
                  | Orb.
     0 | D:1      | Reached XP level 1. HP: 12/12 MP: 2/2
    79 | D:1      | Reached XP level 2. HP: 10/17 MP: 3/3
  1017 | D:2      | Reached XP level 3. HP: 22/22 MP: 4/4
  1058 | D:2      | Reached skill level 4 in Long Blades
  1249 | D:2      | Reached XP level 4. HP: 28/28 MP: 5/5
  1267 | D:2      | You fall into a shaft and drop 2 floors!
  1282 | D:4      | Found a runed translucent door.
  1283 | D:4      | Noticed Crazy Yiuf
  1632 | D:2      | Found a snail-covered altar of Cheibriados.
  2087 | D:3      | Gained mutation: You can fly continuously. [Tengu growth]
  2087 | D:3      | Reached XP level 5. HP: 25/32 MP: 4/6
  2786 | D:4      | Reached skill level 5 in Long Blades
  2813 | D:4      | Reached XP level 6. HP: 38/38 MP: 7/7
  3225 | D:4      | Noticed an orc warrior
  3233 | D:4      | Killed an orc warrior
  3236 | D:4      | Noticed Ijyb
  3254 | D:4      | Killed Ijyb
  3254 | D:4      | Reached XP level 7. HP: 32/44 MP: 6/8
  3313 | D:4      | Reached skill level 6 in Long Blades
  3434 | D:4      | Reached skill level 5 in Fighting
  3791 | D:4      | Killed Crazy Yiuf
  3910 | D:5      | Entered Level 5 of the Dungeon
  3971 | D:5      | Reached skill level 5 in Dodging
  4057 | D:5      | Reached XP level 8. HP: 26/51 MP: 7/9
  4290 | D:5      | Reached skill level 7 in Long Blades
  5169 | D:6      | Noticed Pikel
  5183 | D:6      | Killed Pikel
  5183 | D:6      | Reached skill level 8 in Long Blades
  5183 | D:6      | Reached XP level 9. HP: 38/57 MP: 6/10
  5943 | D:7      | Reached skill level 9 in Long Blades
  6655 | D:7      | Noticed a two-headed ogre
  6664 | D:7      | Killed a two-headed ogre
  6664 | D:7      | Reached skill level 10 in Long Blades
  6664 | D:7      | Reached XP level 10. HP: 66/66 MP: 11/11
  6678 | D:7      | Found a staircase to the Ecumenical Temple.
  6726 | Temple   | Entered the Ecumenical Temple
  7025 | Temple   | Became a worshipper of Uskayaw the Reveler
  7045 | D:7      | Learned a level 2 spell: Wereblood
  7491 | D:8      | Found a flagged portal.
  7496 | Bailey   | Entered a bailey
  7508 | Bailey   | Reached * piety under Uskayaw
  7511 | Bailey   | Reached ** piety under Uskayaw
  7518 | Bailey   | Reached *** piety under Uskayaw
  7520 | Bailey   | Reached skill level 1 in Invocations
  7521 | Bailey   | Reached **** piety under Uskayaw
  7889 | Bailey   | Reached ***** piety under Uskayaw
  8111 | Bailey   | Noticed an orc knight
  8111 | Bailey   | Noticed an orc knight
  8111 | Bailey   | Noticed an orc knight
  8144 | Bailey   | Killed an orc knight
  8144 | Bailey   | Mangled by an orc knight

Illustrated notes

Levels and vault maps discovered:
D:1:      enne_arrival_octagon_isle, layout_basic
D:2:      layout_rooms, kennysheep_slug_shrine, minmay_between
D:3:      layout_loops_ring, minmay_quadrilaterals
D:4:      layout_loops_ring, grunt_decor_one_mirror, guppyfry_early_orc_mine,
          uniq_ijyb, uniq_crazy_yiuf_cottage
D:5:      layout_basic
D:6:      layout_loops_ring, palyth_stone_intersect, uniq_pikel
D:7:      minmay_recursive_quarters, layout_cave_pods, minmay_temple_entry_hall,
          minmay_splitting_lines
D:8:      layout_gridville, enter_bailey_1, abandoned_shop,
          lemuel_flamethrower_2, uniq_erica
Temple:   compressed_dpeg_triangle_lava_temple
Bailey:   bailey_polearm_5, bailey

Skill      XL: |  1  2  3  4  5  6  7  8  9 10 |
---------------+-------------------------------+-----
Long Blades    | 4 5 6 8 10 | 10.6
Fighting       | 3 4 5 7 9 |  9.3
Dodging        | 4 5 6 7 |  7.8
Invocations    | 2 |  2.3
Throwing       | |  2.0

Action                   |  1- 3 |  4- 6 |  7- 9 | 10-12 || total
-------------------------+-------+-------+-------+-------++-------
Melee: Long sword        |    30 |     2 |    10 |       ||    42
       Peck              |    14 |     8 |    65 |     9 ||    96
       Kick              |    12 |    28 |   114 |    18 ||   172
       Short sword       |    36 |    64 |   226 |    52 ||   378
       Dagger            |       |       |    50 |       ||    50
 Fire: Hunting sling     |       |   108 |       |       ||   108
Invok: Stomp             |       |       |       |     1 ||     1
 Abil: Fly               |       |       |     1 |       ||     1
Evoke: Wand              |       |       |     3 |       ||     3
  Use: Scroll            |     3 |     8 |       |     8 ||    19
       Potion            |       |     1 |       |     2 ||     3
 Stab: Sleeping          |     3 |       |       |       ||     3
       Paralysed         |       |       |     3 |     6 ||     9
Armor: Leather armour    |    25 |    29 |       |       ||    54
       Ring mail         |       |       |    55 |    13 ||    68
Dodge: Dodged            |    62 |    78 |   186 |   109 ||   435
       Rpst.: Long sword |     8 |       |     2 |       ||    10

Table legend: (Time is in decaauts)
 A = Elapsed time spent in this place.
 B = Non-inter-level travel time spent in this place.
 C = Inter-level travel time spent in this place.
 D = Time resting spent in this place.
 E = Time spent auto-exploring this place.
 F = Levels seen in this place.
 G = Mean time per level.
                   A        B        C        D        E       F      G
               +--------+--------+--------+--------+--------+-----+--------+
         Total |   7924 |   7645 |    279 |    766 |   5674 |  10 |  792.4 |
       Dungeon |   7004 |   6756 |    248 |    270 |   5382 |   8 |  875.5 |
        Temple |    283 |    252 |     31 |      0 |    251 |   1 |  283.0 |
        Bailey |    636 |    636 |      0 |    496 |     40 |   1 |  636.0 |
               +--------+--------+--------+--------+--------+-----+--------+

Top non-repeatable levels by time:
     D:4: 1381 daAuts
     D:7: 1144 daAuts
     D:6: 1012 daAuts
     D:1: 1004 daAuts
     D:3: 973 daAuts
     D:5: 845 daAuts
  Bailey: 636 daAuts
     D:2: 598 daAuts
  Temple: 283 daAuts
     D:8: 45 daAuts
